 Dungeon Crawl Stone Soup version 0.23.0 (webtiles) character file.

Game seed: 14004345903750176625

160 LeeMoriya the Cudgeler (level 5, -3/48 HPs)
             Began as a Minotaur Berserker on Feb 10, 2019.
             Was a Believer of Trog.
             Killed by divine providence
             ... invoked by an orc priest
              (12 damage)
             ... on level 3 of the Dungeon.
             The game lasted 00:04:32 (1898 turns).

LeeMoriya the Cudgeler (Minotaur Berserker)         Turns: 1898, Time: 00:04:32

Health: -3/48      AC: 10    Str: 22    XL:     5   Next: 17%
Magic:  13/13      EV:  8    Int:  4    God:    Trog [**....]
Gold:   76         SH:  3    Dex: 10    Spells: 4/4 levels left

rFire    . . .     SeeInvis +   a - +0 mace
rCold    . . .     Gourm    .   q - +0 buckler
rNeg     . . .     Faith    .   l - +0 chain mail
rPois    .         Spirit   .   (helmet restricted)
rElec    .         Reflect  .   (no cloak)
rCorr    .         Harm     .   k - +0 pair of gloves
MR       .....                  (no boots)
Stlth    ..........             (no amulet)
HPRegen  0.16/turn              p - ring of magical power
MPRegen  0.13/turn              i - ring of see invisible

@: no status effects
A: retaliatory headbutt, horns 2
a: Berserk, Trog's Hand, Renounce Religion


You were on level 3 of the Dungeon.
You worshipped Trog.
Trog was pleased with you.
You were very hungry.

You visited 1 branch of the dungeon, and saw 3 of its levels.

You collected 76 gold pieces.

Inventory:

Hand Weapons
 a - a +0 mace (weapon)
Armour
 k - a +0 pair of gloves (worn)
 l - a +0 chain mail (worn)
 q - a +0 buckler (worn)
Jewellery
 i - a ring of see invisible (right hand)
 p - a ring of magical power (left hand)
Scrolls
 m - a scroll of teleportation {unknown}
 n - a scroll of enchant armour {unknown}
Potions
 e - a potion of berserk rage {unknown}
 f - a potion of might {unknown}
 h - a potion of degeneration {unknown}
 o - 2 potions of resistance {unknown}
Comestibles
 c - 6 rations


   Skills:
 + Level 5.0 Fighting
 + Level 5.3 Maces & Flails
 + Level 3.1 Armour
 + Level 2.8 Dodging
 + Level 0.4 Stealth


You had 4 spell levels left.
You didn't know any spells.
Your spell library was empty.

Dungeon Overview and Level Annotations

Branches:
Dungeon (3/15)

Altars:
Kikubaaqudgha
Wu Jian
Xom


Innate Abilities, Weirdness & Mutations

You reflexively headbutt those who attack you in melee.
You have a pair of horns on your head.


Message History

The worm barely misses you.
You hit the worm but do no damage.
The worm is lightly wounded.
The worm bites you but does no damage.
You barely miss the worm. You hit the worm.
The worm is lightly wounded.
The worm completely misses you.
You thump the worm!
The worm is moderately wounded.
The worm bites you but does no damage.
You hit the worm. You headbutt the worm.
The worm is severely wounded.
The worm bites you.
* * * LOW HITPOINT WARNING * * *
You hit the worm.
The worm is severely wounded.
The orc priest calls down the wrath of Beogh upon you.
Beogh smites you!
You die...

...[...............
................###
.........#####....
..<......... .....
#.......#### ....
.........# #### .
....)....# ##..#
.........# #####......
.........#####..@wo.....
...............###......
....>...######## .....
##.....## .... #######
... .. .


You could see a worm and an orc priest.

Vanquished Creatures
  2 orc priests (D:3)
  5 adders
  A worm (D:2)
  3 dart slugs
  A leopard gecko (D:2)
  2 orcs (D:3)
  5 bats
  2 giant cockroaches
  2 goblins (D:1)
  8 hobgoblins
  4 jackals (D:1)
  5 kobolds
  4 frilled lizards
  3 rats
47 creatures vanquished.

Notes
Turn   | Place    | Note
-------+----------+-------------------------------------------
     0 | D:1      | LeeMoriya the Minotaur Berserker began the quest for the
                  | Orb.
     0 | D:1      | Reached XP level 1. HP: 19/19 MP: 0/0
   119 | D:1      | Reached XP level 2. HP: 24/27 MP: 1/1
   716 | D:1      | Reached XP level 3. HP: 31/34 MP: 2/2
   998 | D:2      | Found an ancient bone altar of Kikubaaqudgha.
   998 | D:2      | Found a shimmering altar of Xom.
  1091 | D:2      | Found an ornate altar of the Wu Jian Council.
  1262 | D:2      | Reached ** piety under Trog
  1367 | D:2      | Reached XP level 4. HP: 41/41 MP: 3/3
  1882 | D:3      | Reached skill level 5 in Fighting
  1882 | D:3      | Reached skill level 5 in Maces & Flails
  1888 | D:3      | Reached XP level 5. HP: 15/48 MP: 4/4
  1898 | D:3      | Killed from afar by an orc priest

Skill      XL: |  1  2  3  4 |
---------------+-------------+-----
Fighting       | 4 5 |  5.0
Maces & Flails | 4 5 |  5.3
Armour         | 3 |  3.1
Dodging        | |  2.8
Stealth        | |  0.4

Action                   |  1- 3 |  4- 6 || total
-------------------------+-------+-------++-------
Melee: Mace              |    72 |    41 ||   113
       Headbutt          |    10 |     6 ||    16
  Use: Scroll            |     1 |     3 ||     4
  Eat: Chunk             |     1 |     1 ||     2
Armor: Animal skin       |     2 |       ||     2
       Leather armour    |     8 |       ||     8
       Chain mail        |    14 |    18 ||    32
Dodge: Dodged            |    56 |    19 ||    75
Block: Buckler           |     1 |     4 ||     5
